 Dungeon Crawl Stone Soup version 0.30-a0-4-ga7cffc901d (webtiles) character file.

Game seed: 1828979376368949513

4 Sobieck the Sneak (level 1, 0/11 HPs)
             Began as a Vine Stalker Brigand on Aug 20, 2022.
             Slain by a hobgoblin (2 damage)
             ... on level 1 of the Dungeon.
             The game lasted 00:01:08 (96 turns).

Sobieck the Sneak (Vine Stalker Brigand)              Turns: 96, Time: 00:01:09

Health: 0/11       AC:  2    Str: 13    XL:     1   Next: 70%
Magic:  0/2        EV: 11    Int: 11    God:
Gold:   14         SH:  0    Dex: 15    Spells: 0/0 levels left

rFire   . . .      SeeInvis +    a - +2 dagger {short}
rCold   . . .      Faith    .    (no shield)
rNeg    . . .      Spirit   +    b - +0 robe
rPois   .          Reflect  .    (no helmet)
rElec   .          Harm     .    h - scarf {repulsion}
rCorr   .          Rampage  .    (no gloves)
Will    .....                    (no boots)
Stlth   +++.......               (no amulet)
HPRegen 0.03/turn                f - ring of see invisible
MPRegen 0.08/turn                (no ring)

@: repel missiles
A: fangs 2, magic shield, antimagic bite, no potion heal 2
a: no special abilities


You were on level 1 of the Dungeon.
You visited 1 branch of the dungeon, and saw 1 of its levels.

You collected 14 gold pieces.


Innate Abilities, Weirdness & Mutations

You have extremely sharp teeth.
When hurt, damage is shared between your health and your magic reserves.
Your bite disrupts and absorbs the magic of your enemies.
Potions cannot restore your health.


   Skills:
 + Level 1.9 Fighting
 + Level 1.9 Short Blades
 - Level 1.7 Throwing
 + Level 1.0 Dodging
 + Level 4.9 Stealth


You couldn't memorise any spells.
You didn't know any spells.
Your spell library was empty.

Inventory:

Hand Weapons
 a - a +2 dagger (weapon) {short}
Missiles
 d - 9 poisoned darts (quivered) {throwing}
 e - 3 curare-tipped darts {=fthrowing}
Armour
 b - a +0 robe (worn)
 c - a +0 cloak
 h - a scarf of repulsion (worn)
   (You found it on level 1 of the Dungeon)
Jewellery
 f - a ring of see invisible (left hand)
   (You found it on level 1 of the Dungeon)
Scrolls
 g - a scroll of noise {unknown}

Dungeon Overview and Level Annotations

Branches:
Dungeon (1/15) Zot: 5904

Altars:

####### ##...#.....#
..# ##...##.~~~.#
#.## #.###.#.~⌠~.#
...#####.# #.......#
#.#......###.......#
...##.###...###..###
#>###.#####.# #.##
##### ............#
#.##......
#.###########
#.@gg..... #..#
#.##.##.#B ##.# #.#
# .# ... ## .#.#
#.#)# # #.. ..


You could see a giant cockroach, a hobgoblin and a goblin.


Message History

🤖 Initializing magus.rc ...
Options error: Bad monster_list_colour key: strict_neutral (~/.crawlrc:4811) Bad channel name for runrest: 'pray:' ✅ Successfully initialized magus_sobieck.rc [v0.0.2] Welcome, Sobieck the Vine Stalker Brigand.
They say the Orb of Zot lies within this dungeon, but they say a lot of things.
Press ? for a list of commands and other information.
Found an opal ring and a scroll labelled NEZXODUKHA.
Found a staircase leading out of the dungeon.
Unknown command.
Unknown command.
f - a ring of see invisible Unknown command.
f - a ring of see invisible (left hand)
There is a staircase leading out of the dungeon here.
g - a scroll labelled NEZXODUKHA Unknown command.
A hobgoblin comes into view.
Danger!
The helpless hobgoblin fails to defend itself.
You impale the hobgoblin!!
You kill the hobgoblin!
No target in view!
Found a stone staircase leading down.
Unknown command.
A rat comes into view.
You see here 14 gold pieces.
Danger!
The helpless rat fails to defend itself.
You impale the rat!!
You kill the rat!
You now have 14 gold pieces.
There is a stone staircase leading down here.
h - a scarf of repulsion Unknown command.
Okay, then.
You start removing your armour.
You continue taking off your +0 cloak. x4
You finish taking off your +0 cloak.
You start putting on your armour.
You continue putting on your scarf of repulsion. x5
You finish putting on your scarf of repulsion.
You are surrounded by a repulsion field.
Unknown command.
A goblin and a dart slug come into view.
The goblin shouts!
You hear a shout!
You hear an angry hiss. x2
Danger!
A hobgoblin comes into view.
The dart slug launches a dart at you. The slug dart misses you.
You hit the dart slug but do no damage. You bite the dart slug.
You drain its power. You hit the dart slug but do no damage.
The dart slug launches a dart at you. The slug dart hits you.
You are too injured to fight recklessly!
You are too injured to fight recklessly!
Unknown command.
You hit the dart slug. The dart slug completely misses you.
You hit the dart slug. You hit the dart slug. You bite the dart slug.
You drain its power. The dart slug launches a dart at you.
The slug dart hits you.
* * * LOW HITPOINT WARNING * * *
You hit the dart slug.
You kill the dart slug!
Your Dodging skill increases to level 1!
Unknown command.
You hit the hobgoblin. The hobgoblin hits you.
* * * LOW HITPOINT WARNING * * *
A giant cockroach comes into view.
Unknown command.
You hit the hobgoblin. Your bite misses the hobgoblin. The hobgoblin hits you.
You die...

Skill      XL: |  1 |
---------------+----+-----
Dodging        | 1 |  1.0
Fighting       | |  1.9
Short Blades   | |  1.9
Throwing       | |  1.7
Stealth        | |  4.9

Action                   || total
-------------------------++-------
Melee: Dagger            ||    10
       Bite              ||     2
 Stab: Sleeping          ||     2
Dodge: Dodged            ||     2

Levels and vault maps discovered:
D:1:      dpeg_arrival_boxes_within_box, layout_loops_ring,
          ebering_ecumenical_altar_petrified, corexii_leaking_fountain,
          hangedman_decor_growths, st_stairs_8, minmay_gold_behind_fungi

Notes
Turn   | Place    | Note
-------+----------+-------------------------------------------
     0 | D:1      | Sobieck the Vine Stalker Brigand began the quest for the
                  | Orb.
     0 | D:1      | Reached XP level 1. HP: 11/11 MP: 2/2
    95 | D:1      | Reached skill level 1 in Dodging
    95 | D:1      | HP: 2/11 [hobgoblin (2)]
    96 | D:1      | Slain by a hobgoblin

Vanquished Creatures
  A dart slug (D:1)
  A hobgoblin (D:1)
  A rat (D:1)
3 creatures vanquished.

Table legend:
 A = Non-vault XP
 B = Vault XP
 C = Vault XP percentage of total XP
 D = Non-vault monster count
 E = Vault monster count
 F = Vault count percentage of total count
                 A         B        C        D         E       F
            +---------+---------+-------+---------+---------+-------
      Total |       6 |       1 |  14.3 |       2 |       1 |  33.3
            +---------+---------+-------+---------+---------+-------
        D:1 |       6 |       1 |  14.3 |       2 |       1 |  33.3
            +---------+---------+-------+---------+---------+-------

Illustrated notes

Table legend:
 A = Kills in this place as a percentage of kills in entire the game.
 B = Kills by you in this place as a percentage of kills by you in the entire game.
 C = Kills by friends in this place as a percentage of kills by friends in the entire game.
 D = Other kills in this place as a percentage of other kills in the entire game.
 E = Experience gained in this place as a percentage of experience gained in the entire game.
 F = Experience gained in this place divided by the number of levels of this place that you have seen.
                   A       B       C       D       E      F
               +-------+-------+-------+-------+-------+----------------------
         Total | 100.0 | 100.0 |   N/A |   N/A | 100.0 |   7.0
       Dungeon | 100.0 | 100.0 |   N/A |   N/A | 100.0 |   7.0
               +-------+-------+-------+-------+-------+----------------------

Table legend: (Time is in decaauts)
 A = Elapsed time spent in this place.
 B = Non-inter-level travel time spent in this place.
 C = Inter-level travel time spent in this place.
 D = Time resting spent in this place.
 E = Time spent auto-exploring this place.
 F = Levels seen in this place.
 G = Mean time per level.
                   A        B        C        D        E       F      G
               +--------+--------+--------+--------+--------+-----+--------+
         Total |     94 |     94 |      0 |      0 |     65 |   1 |   94.0 |
       Dungeon |     94 |     94 |      0 |      0 |     65 |   1 |   94.0 |
               +--------+--------+--------+--------+--------+-----+--------+

Top non-repeatable levels by time:
     D:1: 94 daAuts
